 Dungeon Crawl Stone Soup version 0.30.1-9-gdf580d7c3d (webtiles) character file.

Game seed: 10013304901853133780

54 KittyFluff the Cudgeller (level 3, -3/34 HPs)
             Began as a Gargoyle Berserker on Oct 18, 2023.
             Was a Believer of Trog.
             Frozen to death by an endoplasm (4 damage)
             ... on level 3 of the Dungeon.
             The game lasted 00:07:53 (1707 turns).

KittyFluff the Cudgeller (Gargoyle Berserker)       Turns: 1707, Time: 00:07:53

Health: -3/34      AC:  8    Str: 32    XL:     3   Next: 91%
Magic:  3/3        EV: 12    Int:  7    God:    Trog [**....]
Gold:   115        SH:  0    Dex: 11    Spells: 2/2 levels left

rFire   . . .        a - +0 mace
rCold   . . .        (no shield)
rNeg    + . .        l - +0 leather armour
rPois   ∞            (no helmet)
rElec   +            i - +0 cloak
rCorr   .            (no gloves)
SInv    .            d - +0 pair of boots
Will    .....        (no amulet) Stlth
                     c - +6 ring of strength
HPRegen 0.25/turn    j - +6 ring of strength
MPRegen 0.08/turn

%: no passive effects
@: berserking, very quick
A: sickness immunity, AC +3, negative energy resistance 1, electricity
resistance, torment resistance 1, petrification resistance
a: Renounce Religion, Berserk, Trog's Hand


You were on level 3 of the Dungeon.
You worshipped Trog.
Trog was pleased with you.
You visited 1 branch of the dungeon, and saw 3 of its levels.

You collected 115 gold pieces.

Inventory:

Hand Weapons
 a - a +0 mace (weapon)
Armour
 d - a +0 pair of boots (worn)
 i - a +0 cloak (worn)
 l - a +0 leather armour (worn)
Jewellery
 c - a +6 ring of strength (left hand)
 j - a +6 ring of strength (right hand)
Scrolls
 e - a scroll of fear {unknown}
 k - a scroll of immolation {unknown}
Potions
 b - a potion of mutation {unknown}
 f - 3 potions of attraction {unknown}
 g - 4 potions of curing {unknown}
 h - a potion of might {unknown}
 m - a potion of cancellation {unknown}


   Skills:
 + Level 3.5 Fighting
 * Level 3.6 Maces & Flails
 + Level 0.5(2.3) Staves
 * Level 3.1 Armour
 + Level 1.9 Dodging


You had 2 spell levels left.
You didn't know any spells.
Your spell library was empty.

Dungeon Overview and Level Annotations

Branches:
Dungeon (3/15)

Altars:

Shops:
D:1 *::(!


Innate Abilities, Weirdness & Mutations

You are immune to sickness and miasma.
Your stone body is resilient. (AC +3)
You are immune to poison.
You resist negative energy. (rN+)
You are resistant to electric shocks. (rElec)
You are resistant to unholy torment.
You are immune to petrification.


Message History

The endoplasm freezes you.
You are frozen.
You barely miss the hobgoblin.
The hobgoblin is severely wounded.
The hobgoblin barely misses you. The endoplasm barely misses you.
You completely miss the hobgoblin.
The hobgoblin is severely wounded.
The hobgoblin misses you. The endoplasm freezes you.
You are frozen.
You closely miss the hobgoblin.
The hobgoblin is severely wounded.
A bat comes into view.
The hobgoblin hits you. The endoplasm barely misses you.
You hit the hobgoblin.
You kill the hobgoblin!
Trog accepts your kill. The endoplasm freezes you.
You are frozen.
The endoplasm freezes you.
You are frozen.
* * * LOW HITPOINT WARNING * * *
The endoplasm hits you.
* * * LOW HITPOINT WARNING * * *
A red film seems to cover your vision as you go berserk!
You feel yourself moving faster!
You feel mighty! The endoplasm freezes you.
You are frozen.
* * * LOW HITPOINT WARNING * * *
The endoplasm freezes you.
You are frozen.
* * * LOW HITPOINT WARNING * * *
You thump the endoplasm!
You kill the endoplasm!
Trog accepts your kill. The bat misses you.
You miss the bat. The bat barely misses you. The endoplasm freezes you.
You are frozen.
You die...

.......##.#... ...# ....
......##.#.#####.##....
#....................
#................#.###
#..#.................<.<.
#............#####.####..
###.##b###### #.# #..
....##.J...######)####..
#....@...#............
####.....#........##..
#.....#........##..
#.....#........##..
#.....#........##..
#.....#........####
#.#######......# .#
#.....[#### .#
#..........


You could see an endoplasm and a bat.

Vanquished Creatures
  An adder (D:3)
  An orc (D:3)
  4 bats
  2 endoplasms
  2 giant cockroaches (D:2)
  6 goblins
  4 hobgoblins
  5 jackals (D:2)
  4 kobolds
  2 quokkas (D:2)
  2 ball pythons
  3 frilled lizards (D:1)
  3 rats
39 creatures vanquished.

Notes
Turn   | Place    | Note
-------+----------+-------------------------------------------
     0 | D:1      | KittyFluff the Gargoyle Berserker began the quest for the
                  | Orb.
     0 | D:1      | Reached XP level 1. HP: 14/14 MP: 1/1
    10 | D:1      | Found Myuquysa's Book Boutique.
    18 | D:1      | Found Gaoz's Book Emporium.
   157 | D:1      | Found Lemi's Antique Weapon Boutique.
   271 | D:1      | Reached XP level 2. HP: 16/19 MP: 2/2
   534 | D:1      | Found Vacat's Distillery.
   729 | D:1      | Found Izilyufa's Assorted Antiques.
   955 | D:2      | Reached XP level 3. HP: 22/23 MP: 3/3
  1231 | D:2      | Reached ** piety under Trog
  1705 | D:3      | HP: 1/34 [frozen (2)]
  1707 | D:3      | Frozen to death by an endoplasm

Illustrated notes

Levels and vault maps discovered:
D:1:      ldierk_walled_garden, layout_basic, serial_shops,
          nicolae_shop_temple_entry_statues_fountains, shop, shop, shop,
          nicolae_shop_real_fake_doors
D:2:      layout_loops_cross
D:3:      layout_basic, palyth_temple_overflow_mages

Skill      XL: |  1  2  3 |
---------------+----------+-----
Armour         | 3 |  3.1
Fighting       | |  3.5
Maces & Flails | |  3.6
Staves         | |  0.5
Dodging        | |  1.9

Action                     || total
---------------------------++-------
  Melee: Mace              ||   115
 Invoke: Berserk           ||     1
 Armour: Animal skin       ||    21
         Leather armour    ||    28
  Dodge: Dodged            ||    95
